 Dungeon Crawl Stone Soup version 0.26-a0-58-g79b31b8662 (webtiles) character file.

Game seed: 4247878920456922774

37902 Ozzies the Warrior (level 13, -1/93 HPs)
             Began as a Gargoyle Fighter on June 8, 2020.
             Was the Champion of Okawaru.
             Slain by a tyrant leech (2 damage)
             ... on level 6 of the Lair of Beasts.
             The game lasted 00:57:01 (20206 turns).

Ozzies the Warrior (Gargoyle Fighter)              Turns: 20206, Time: 00:57:02

Health: -1/93      AC: 30    Str: 37    XL:     13   Next: 99%
Magic:  14/14      EV: 12    Int: 13    God:    Okawaru [******]
Gold:   1154       SH: 12    Dex:  9    Spells: 12/12 levels left

rFire    + . .     SeeInvis .   g - +12 eveningstar of the Big Bang {vorpal, Fragile rElec Str+7}
rCold    + . .     Gourm    .   c - +0 kite shield
rNeg     + . .     Faith    .   u - +4 ring mail {MR+}
rPois    ∞         Spirit   .   d - +2 hat {Int+3}
rElec    +         Reflect  .   N - +1 cloak {Stlth+}
rCorr    +         Harm     .   E - +0 pair of gloves
MR       +....                  (no boots)
Stlth    ..........             (no amulet)
HPRegen  0.25/turn              m - +4 ring of protection
MPRegen  0.14/turn              B - +6 ring of strength

@: resistant
A: negative energy resistance 1, electricity resistance, unbreathing,
petrification resistance, rot immunity, AC +9
a: Heroism, Finesse, Renounce Religion


You were on level 6 of the Lair of Beasts.
You worshipped Okawaru.
Okawaru was exalted by your worship.
You were not hungry.

You visited 2 branches of the dungeon, and saw 16 of its levels.
You also visited: Ossuary.

You collected 1154 gold pieces.

Inventory:

Hand Weapons
 a - a +1 flail
 g - the +12 eveningstar of the Big Bang (weapon) {vorpal, Fragile rElec Str+7}
   (Okawaru gifted it to you on level 4 of the Lair of Beasts)

   It inflicts extra damage upon your enemies.
   It affects your strength (+7).
   It insulates you from electricity.
   It will be destroyed if unequipped.
 o - a +1 whip of freezing
 q - a +2 whip of venom
 t - a +0 morningstar
 C - a +2 whip of electrocution
 L - the +2 whip "Dragonslayer" {vamp, SInv Stlth+}
   (You found it on level 2 of the Lair of Beasts)

   It inflicts no extra harm, but heals its wielder when it wounds a living foe.
   It lets you see invisible.
   It makes you more stealthy.
 O - a +0 mace of venom
Armour
 b - a +3 scale mail
 c - a +0 kite shield (worn)
 d - a +2 hat of intelligence (worn)
 u - a +4 ring mail of magic resistance (worn)
 E - a +0 pair of gloves (worn)
 N - a +1 cloak of stealth (worn)
 V - a +0 ring mail
Jewellery
 m - a +4 ring of protection (left hand)
 B - a +6 ring of strength (right hand)
 F - an uncursed ring of stealth {unknown}
Wands
 p - a wand of disintegration (10)
 x - a wand of random effects (35)
 G - a wand of enslavement (11)
 K - a wand of acid (16)
 P - a wand of iceblast (9)
Scrolls
 h - 7 scrolls of enchant weapon
 k - 2 scrolls of fear
 l - a scroll of silence
 n - a scroll of vulnerability {unknown}
 s - 6 scrolls of teleportation
 y - 3 scrolls of identify
 D - 3 scrolls of magic mapping
 H - a scroll of amnesia
 J - 6 scrolls of remove curse
 M - 3 scrolls of enchant armour
 R - a scroll of holy word
 S - 3 scrolls of blinking
Potions
 e - 6 potions of curing
 i - a potion of haste
 j - 2 potions of magic
 r - a potion of invisibility {unknown}
 v - 3 potions of resistance
 w - 3 potions of lignification
 z - a potion of stabbing {unknown}
 A - a potion of brilliance
 I - a potion of ambrosia {unknown}
 Q - 3 potions of mutation
 U - 3 potions of flight
Comestibles
 f - 18 rations


   Skills:
 + Level 15.9 Fighting
 + Level 14.1 Maces & Flails
 + Level 8.2 Armour
 - Level 5.0 Dodging
 + Level 8.2 Shields
 + Level 1.6 Invocations


You had 12 spell levels left.
You didn't know any spells.
Your spell library contained the following spells:

 Spells                   Type           Power        Failure   Level  Hunger
 Corona                   Hex            #......      67%         1    ##.....
 Shock                    Conj/Air       #...         67%         1    ##.....
 Blink                    Tloc           N/A          82%         2    ###....
 Ensorcelled Hibernation  Hex/Ice        #.....       82%         2    ###....
 Swiftness                Chrm/Air       #.......     82%         2    ###....
 Confusing Touch          Hex            #.......     96%         3    ####...
 Dazzling Flash           Conj/Hex       #.....       96%         3    ####...
 Inner Flame              Hex/Fire       #.......     96%         3    ####...
 Static Discharge         Conj/Air       #.......     96%         3    ####...
 Tukima's Dance           Hex            #.......     96%         3    ####...
 Airstrike                Air            #.........   100%        4    #####..
 Cause Fear               Hex            #.........   100%        4    #####..
 Passage of Golubria      Tloc           N/A          100%        4    #####..
 Lightning Bolt           Conj/Air       #.........   100%        5    ######.
 Silence                  Hex/Air        #.........   100%        5    ######.
 Yara's Violent Unravell  Hex/Tmut       #.........   100%        5    ######.
 Discord                  Hex            #.........   100%        8    #######
 Disjunction              Tloc           #.........   100%        8    #######


Dungeon Overview and Level Annotations

Branches:
Dungeon (10/15)            Temple (0/1) D:5            Lair (6/6) D:9
 Shoals (0/4) Lair:2        Snake (0/4) Lair:3        Slime (0/5) Lair:5
Ossuary (visited)
    Orc: D:9-12

Altars:
Cheibriados
Dithmenos
Gozag
Hepliaklqana
Makhleb
Nemelex Xobeh
Okawaru
Ru
Trog
Vehumet
Wu Jian
Xom
The Shining One

Shops:
D:5 [   D:8 :   D:9 *

Annotations:
D:9 1 runed translucent door
Lair:6 1 runed translucent door


Innate Abilities, Weirdness & Mutations

You are resistant to torment.
Your stone body is resilient. (AC +9)
You are immune to poison.
You resist negative energy. (rN+)
You are resistant to electric shocks. (rElec)
You can survive without breathing.
You are immune to petrification.
You are immune to rotting.


Message History

You closely miss the tyrant leech. You thump the tyrant leech!
The tyrant leech is moderately wounded.
The lindwurm barely misses you.
The lindwurm claws you but does no damage. x2
The tyrant leech closely misses you.
You impale the tyrant leech!!
The tyrant leech is severely wounded.
The lindwurm bites you but does no damage.
The lindwurm claws you.
* * * LOW HITPOINT WARNING * * *
The lindwurm claws you but does no damage.
The tyrant leech bites you.
* * * LOW HITPOINT WARNING * * *
You feel better. The lindwurm breathes flames at you.
The blast of flame hits you! You resist.
* * * LOW HITPOINT WARNING * * *
The blast of flame hits the plant!!
The tyrant leech bites you.
You die...

.####.. ##.. .....P.##
##. # #.......#### #.
##. #......#.## ## #..
#....#.#### # #..
##†....##.# # #..###
####..#.....## ##
#[.†.###P....###....###.
##....w@....## ##.......
###..k.##### ####.P.#
###### #####


You could see a tyrant leech and a lindwurm (catching breath).

Vanquished Creatures
  3 hydras
  A two-headed ogre (D:9)
  7 death yaks
  Pikel (D:6)
  An oklob plant (Lair:3)
  A manticore (Lair:2)
  A cyclops (D:6)
  13 elephants
  The ghost of vurker the Thaumaturge, a novice DECj of Vehumet (D:7)
  5 torpor snails (Lair:6)
  3 black mambas
  3 spiny frogs
  The ghost of Sassenached the Skirmisher, a novice TeWn of Okawaru (D:5)
  6 komodo dragons
  2 polar bears
  2 trolls
  11 blink frogs
  6 dream sheep (Lair:6)
  4 hornets
  9 hippogriffs
  A wyvern (Lair:6)
  24 yaks
  3 basilisks
  3 fire bats (Lair:4)
  6 soldier ants (D:9)
  4 porcupines
  12 water moccasins
  3 orc warriors
  An ice beast (D:9)
  3 sky beasts
  2 phantoms
  A black bear (D:8)
  3 necrophages
  11 wolves
  5 ogres
  4 centaurs
  5 crocodiles
  3 big kobolds
  14 bullfrogs
  A scorpion (D:10)
  23 killer bees
  A howler monkey (D:7)
  A wight (D:6)
  An electric eel (Lair:4)
  2 crimson imps
  5 hounds
  2 human zombies (Ossuary)
  An orc priest (D:10)
  A bullfrog skeleton (D:4)
  3 jellies
  Natasha (thrice) (D:2)
  5 iguanas
  8 orc wizards
  8 worker ants
  Terence (D:2)
  4 big kobold zombies (Ossuary)
  A hound zombie (Ossuary)
  2 hound skeletons
  3 mummies (Ossuary)
  3 gnolls (D:3)
  2 worker ant zombies
  15 adders
  2 shadow imps
  6 oozes
  4 adder zombies (Ossuary)
  A worm (D:3)
  A dart slug (D:4)
  9 leopard geckos
  35 orcs
  A ball python (D:1)
  5 giant cockroaches
  2 gnoll zombies (Ossuary)
  4 hobgoblins
  23 jackals
  17 kobolds
  3 quokkas
  3 bats (D:1)
  7 frilled lizards
  5 goblins (D:1)
  2 goblin zombies
  5 hobgoblin zombies (Ossuary)
  3 jackal zombies (Ossuary)
  2 kobold zombies (Ossuary)
  2 leopard gecko zombies (D:7)
  3 orc zombies (Ossuary)
  6 quokka zombies
  14 rats
  5 rat zombies (Ossuary)
  2 plants
457 creatures vanquished.

Vanquished Creatures (others)
  3 slaves (D:6)
  A centaur (D:6)
  An orc priest (D:4)
  An orc wizard (D:4)
  An adder zombie (D:6)
  3 orcs (D:4)
  A fire vortex (Lair:4)
  4 fungi
  7 plants
22 creatures vanquished.

Grand Total: 479 creatures vanquished

Notes
Turn   | Place    | Note
-------+----------+-------------------------------------------
     0 | D:1      | Ozzies the Gargoyle Fighter began the quest for the Orb.
     0 | D:1      | Reached XP level 1. HP: 14/14 MP: 1/1
    72 | D:1      | Reached XP level 2. HP: 18/20 MP: 2/2
   235 | D:1      | Reached skill level 4 in Fighting
   262 | D:1      | Reached XP level 3. HP: 20/24 MP: 3/3
  1127 | D:2      | Noticed Terence
  1322 | D:2      | Killed Terence
  1322 | D:2      | Reached XP level 4. HP: 14/30 MP: 4/4
  1490 | D:2      | Found a faded altar of an unknown god.
  1513 | D:2      | Reached skill level 5 in Fighting
  1515 | D:2      | Became a worshipper of the Shining One
  1515 | D:2      | Reached * piety under the Shining One
  1683 | D:2      | Found a shimmering altar of Xom.
  1691 | D:2      | Noticed Natasha
  1695 | D:2      | Killed Natasha
  1695 | D:2      | Reached XP level 5. HP: 35/35 MP: 5/5
  1725 | D:2      | Noticed Natasha
  1733 | D:2      | Killed Natasha
  1784 | D:2      | Found a shadowy altar of Dithmenos.
  1790 | D:2      | Noticed Natasha
  1794 | D:2      | Killed Natasha
  2504 | D:3      | Reached skill level 6 in Fighting
  2770 | D:3      | Reached XP level 6. HP: 41/41 MP: 6/6
  3057 | D:3      | Reached skill level 7 in Fighting
  3170 | D:3      | Reached XP level 7. HP: 24/48 MP: 7/7
  4053 | D:4      | Found a radiant altar of Vehumet.
  4081 | D:4      | Found a hazy altar of Hepliaklqana.
  4150 | D:4      | Reached ** piety under the Shining One
  4161 | D:4      | Reached skill level 8 in Fighting
  4173 | D:4      | Reached skill level 5 in Maces & Flails
  4382 | D:4      | Reached XP level 8. HP: 51/54 MP: 8/8
  4410 | D:4      | Found a snail-covered altar of Cheibriados.
  4493 | D:5      | Entered Level 5 of the Dungeon
  4548 | D:5      | Found a staircase to the Ecumenical Temple.
  4567 | D:5      | Found a runed translucent gate.
  4567 | D:5      | Found a runed translucent gate.
  4568 | D:5      | Found a runed translucent gate.
  4568 | D:5      | Noticed Sassenached's ghost (novice TeWn)
  4616 | D:5      | Found an iron altar of Okawaru.
  4821 | D:5      | Found a sacrificial altar of Ru.
  4933 | D:5      | Found Zatun's Antique Armour Emporium.
  5016 | D:5      | Killed Sassenached's ghost
  5016 | D:5      | Reached skill level 1 in Dodging
  5116 | D:5      | Fell from the grace of the Shining One
  5116 | D:5      | Became a worshipper of Warmaster Okawaru
  5286 | D:6      | Found a sand-covered staircase.
  5293 | Ossuary  | Entered an ossuary
  5450 | Ossuary  | Reached XP level 9. HP: 60/60 MP: 9/9
  5510 | Ossuary  | Reached skill level 9 in Fighting
  5654 | Ossuary  | Reached skill level 5 in Armour
  5657 | Ossuary  | Reached skill level 5 in Shields
  5766 | D:6      | Noticed a cyclops
  5772 | D:6      | Noticed Pikel
  5773 | D:6      | Killed a cyclops
  5773 | D:6      | Reached * piety under Okawaru
  5791 | D:6      | Killed Pikel
  5791 | D:6      | Reached skill level 10 in Fighting
  6147 | D:6      | Found a burning altar of Makhleb.
  6207 | D:6      | Noticed a troll
  6216 | D:6      | Killed a troll
  6225 | D:6      | Got a twisted scale mail
  6235 | D:6      | Identified the +2 scale mail "Gaevis" {Harm rCorr} (You
                  | found it on level 6 of the Dungeon)
  6330 | D:6      | Reached ** piety under Okawaru
  6343 | D:6      | Noticed a hornet
  6348 | D:6      | Killed a hornet
  6666 | D:7      | Reached XP level 10. HP: 60/68 MP: 10/10
  6699 | D:7      | Reached skill level 11 in Fighting
  6859 | D:7      | Identified the Almanac of the Igneous Traveller
  7165 | D:7      | Found an ornate altar of the Wu Jian Council.
  7165 | D:7      | Found an opulent altar of Gozag.
  7178 | D:7      | Found a large runed translucent door.
  7184 | D:7      | Found a large runed translucent door.
  7186 | D:7      | Noticed vurker's ghost (novice DECj)
  7373 | D:7      | Killed vurker's ghost
  7373 | D:7      | Reached *** piety under Okawaru
  7437 | D:7      | Noticed a moth of wrath
  7440 | D:7      | Found a bloodstained altar of Trog.
  7551 | D:7      | Got a clouded platinum ring
  8246 | D:8      | Found a sparkling altar of Nemelex Xobeh.
  8425 | D:8      | Reached skill level 12 in Fighting
  8865 | D:8      | Found Tysa's Book Boutique.
  8899 | D:9      | Noticed a two-headed ogre
  8913 | D:9      | Killed a two-headed ogre
  8913 | D:9      | Reached **** piety under Okawaru
  8913 | D:9      | Reached skill level 10 in Maces & Flails
  9020 | D:9      | Reached XP level 11. HP: 36/76 MP: 11/11
  9258 | D:9      | Found a staircase to the Lair.
  9303 | D:9      | Reached ***** piety under Okawaru
  9509 | D:9      | Found Cyozxode's Changing Room.
  9619 | D:9      | Found a runed translucent door.
  9628 | D:9      | Found the +9 staff of Olgreb {rPois∞}
  9631 | D:9      | Found a runed translucent door.
  9651 | D:9      | Found a runed translucent gate.
  9651 | D:9      | Found a runed translucent gate.
  9718 | D:9      | Found a runed translucent gate.
 10119 | D:9      | Received a gift from Okawaru
 10206 | D:10     | Entered Level 10 of the Dungeon
 10683 | D:10     | Identified the ring "Lot Yqigug" {rPois rN+ MP-9 Str-5
                  | Stlth+} (You found it on level 7 of the Dungeon)
 11063 | Lair:1   | Entered Level 1 of the Lair of Beasts
 11095 | D:9      | HP: 3/76 [yak (5)]
 11749 | Lair:1   | Noticed a death yak
 11749 | Lair:1   | Noticed a death yak
 11749 | Lair:1   | Noticed a death yak
 11750 | Lair:1   | Noticed a death yak
 11751 | Lair:1   | Noticed a death yak
 12026 | D:9      | Killed a death yak
 12032 | D:9      | Killed a death yak
 12032 | D:9      | Received a gift from Okawaru
 12289 | Lair:1   | Killed a death yak
 12289 | Lair:1   | Reached skill level 5 in Dodging
 12289 | Lair:1   | Reached XP level 12. HP: 63/82 MP: 12/12
 12308 | Lair:1   | Killed a death yak
 12655 | Lair:1   | Reached skill level 13 in Fighting
 12697 | Lair:1   | Found an opulent altar of Gozag.
 13938 | Lair:2   | Found a staircase to the Shoals.
 14563 | Lair:2   | Got a jewelled whip
 14563 | Lair:2   | Identified the +2 whip "Dragonslayer" {vamp, SInv Stlth+}
                  | (You found it on level 2 of the Lair of Beasts)
 14791 | Lair:3   | Found a staircase to the Snake Pit.
 15012 | Lair:3   | Noticed a six-headed hydra
 15029 | Lair:3   | Killed a six-headed hydra
 15039 | Lair:3   | Reached skill level 14 in Fighting
 15085 | Lair:3   | Noticed a five-headed hydra
 15100 | Lair:3   | Killed a five-headed hydra
 15160 | Lair:3   | Received a gift from Okawaru
 15395 | Lair:3   | Reached XP level 13. HP: 91/91 MP: 13/13
 16248 | Lair:4   | Reached ****** piety under Okawaru
 16654 | Lair:4   | Received a gift from Okawaru
 17105 | Lair:4   | Got a blackened eveningstar {god gift}
 17105 | Lair:4   | Identified the +12 eveningstar of the Big Bang {vorpal,
                  | Fragile rElec Str+7} (Okawaru gifted it to you on level 4
                  | of the Lair of Beasts)
 17123 | Lair:4   | Reached skill level 15 in Fighting
 18079 | Lair:5   | Found a staircase to the Slime Pits.
 18417 | Lair:4   | Upgraded the game from 0.26-a0-54-g15ccc7ae60 to
                  | 0.26-a0-58-g79b31b8662
 19668 | Lair:6   | Entered Level 6 of the Lair of Beasts
 20039 | Lair:6   | Received a gift from Okawaru
 20127 | Lair:6   | Found a runed translucent door.
 20128 | Lair:6   | Noticed an ice dragon
 20166 | Lair:6   | Reached skill level 1 in Invocations
 20206 | Lair:6   | HP: 1/93 [lindwurm/blast of flame (11)]
 20206 | Lair:6   | Slain by a tyrant leech

Illustrated notes

Levels and vault maps discovered:
D:1:      elethiomel_arrival_infinity_welcomes_careful_drivers, layout_rooms,
          minmay_misc_feat_plants, hex_tiny, serial_park_tiny_1,
          serial_bayou_lagoon_a, chequers_serial_rivers_micro_e,
          minmay_misc_feat_encased
D:2:      layout_loops_cross, grunt_dithmenos_smoke,
          nicolae_overflow_hidden_temple, chequers_ecumenical_altar_island,
          uniq_natasha, uniq_terence
D:3:      layout_basic, minmay_checkerbox
D:4:      layout_loops_ring, fiery_altar_vehumet, overflow_temple_1_default,
          kennysheep_slug_shrine, grunt_ministairs_2
D:5:      layout_rooms, okawaru_metal_pillars_1_2, marbit_many_paths,
          minmay_temple_entry_from_below_b, serial_shops,
          nicolae_shop_behind_doors, first_ration, gammafunk_ghost_nasty_kobolds
D:6:      layout_basic, makhleb_grotto_becter, enter_ossuary_4, kb_rosetta,
          uniq_pikel
D:7:      layout_cave_pools, tgw_trog, gammafunk_temple_overflow_wave,
          ebering_ghost_disaster_area
D:8:      layout_loops_corners, nemelex_xobeh_ov_fountains_minmay, serial_shops,
          nicolae_shop_trees
D:9:      layout_basic, david_lair_generic, grunt_pizzeria,
          hangedman_decor_diamond_cutter, nicolae_transmutations_shop,
          minmay_guarded_unrand_staff_of_olgreb
D:10:     layout_basic, special_room [special_room_orc]
Lair:1:   layout_chaotic_city, basic_altar
Lair:2:   wander_river, layout_small_grid, minmay_shoals_entry_beasts
Lair:3:   layout_cave_pods, guppyfry_snake_entry_island
Lair:4:   layout_gridlike, serial_forest, infiniplex_forest_clump_small,
          infiniplex_forest_pool, infiniplex_forest_clump_cross,
          infiniplex_forest_zigzag_2, infiniplex_forest_corner_1,
          infiniplex_forest_end_double, infiniplex_forest_clump_diagonal,
          infiniplex_forest_clump_double, infiniplex_forest_lined_3,
          nicolae_lair_grove_arrangements, chequers_serial_rivers_large_a,
          beast_lair_carwin_9
Lair:5:   layout_small_grid, nicolae_slime_entry_slimehenge
Lair:6:   wormcave, layout_big_grid, hangedman_lair_tendril_chambers

Skill      XL: |  1  2  3  4  5  6  7  8  9 10 11 12 13 |
---------------+----------------------------------------+-----
Fighting       | 4 5 6 7 8 10 12 14 15 | 15.9
Maces & Flails | 3 4 5 6 8 10 11 12 14 | 14.1
Armour         | 4 5 7 8 |  8.2
Shields        | 4 5 7 8 |  8.2
Dodging        | 1 3 5 |  5.0
Invocations    | 1 |  1.6

Action                   |  1- 3 |  4- 6 |  7- 9 | 10-12 | 13-15 || total
-------------------------+-------+-------+-------+-------+-------++-------
Melee: Flail             |   164 |    84 |       |       |       ||   248
       Whip              |       |    76 |   427 |  1097 |   255 ||  1855
       Eveningstar       |       |       |       |       |   187 ||   187
  Use: Scroll            |       |     7 |     4 |     7 |     9 ||    27
       Potion            |       |       |     2 |     7 |     6 ||    15
  Eat: Chunk             |     1 |     7 |     8 |    22 |     2 ||    40
       Ration            |       |       |     1 |     2 |     4 ||     7
Armor: Scale mail        |   126 |    27 |       |       |       ||   153
       Ring mail         |       |    30 |   154 |   380 |   181 ||   745
Dodge: Dodged            |    85 |    42 |   123 |   369 |   176 ||   795
Block: Kite shield       |   109 |    69 |   156 |   523 |   243 ||  1100

Table legend:
 A = Non-vault XP
 B = Vault XP
 C = Vault XP percentage of total XP
 D = Non-vault monster count
 E = Vault monster count
 F = Vault count percentage of total count
                 A         B        C        D         E       F
            +---------+---------+-------+---------+---------+-------
      Total |   39892 |   14254 |  26.3 |     308 |     147 |  32.3
            +---------+---------+-------+---------+---------+-------
        D:1 |      66 |       0 |   0.0 |      35 |       0 |   0.0
        D:2 |     126 |      69 |  35.4 |      17 |       2 |  10.5
        D:3 |     447 |      24 |   5.1 |      28 |       4 |  12.5
        D:4 |     501 |      46 |   8.4 |      17 |       3 |  15.0
        D:5 |     175 |     615 |  77.8 |       4 |      10 |  71.4
        D:6 |     958 |    1280 |  57.2 |      11 |       7 |  38.9
        D:7 |    1195 |     489 |  29.0 |      18 |       6 |  25.0
        D:8 |    1469 |       0 |   0.0 |      23 |       0 |   0.0
        D:9 |    4771 |    3080 |  39.2 |      30 |      26 |  46.4
       D:10 |     668 |     363 |  35.2 |      14 |      24 |  63.2
     Lair:1 |    3397 |       0 |   0.0 |       8 |       0 |   0.0
     Lair:2 |    5851 |     784 |  11.8 |      24 |       2 |   7.7
     Lair:3 |    5904 |       0 |   0.0 |      22 |       0 |   0.0
     Lair:4 |    4870 |    2994 |  38.1 |      21 |       5 |  19.2
     Lair:5 |    7633 |      77 |   1.0 |      29 |       6 |  17.1
     Lair:6 |    1861 |    4117 |  68.9 |       7 |      13 |  65.0
    Ossuary |       0 |     316 | 100.0 |       0 |      39 | 100.0
            +---------+---------+-------+---------+---------+-------
